 Dungeon Crawl Stone Soup version 0.28-a0-508-g902bb89 (webtiles) character file.

Game seed: 2788731143686452917

128 Caerwyn the Digger (level 5, -3/31 HPs)
             Began as an Octopode Earth Elementalist on Sept 21, 2021.
             Slain by a gnoll (5 damage)
             ... on level 3 of the Dungeon.
             The game lasted 00:01:47 (2340 turns).

Caerwyn the Digger (Octopode Earth Elementalist)    Turns: 2340, Time: 00:01:48

Health: -3/31      AC:  6    Str:  8    XL:     5   Next: 12%
Magic:  6/9        EV: 13    Int: 18    God:
Gold:   90         SH:  0    Dex: 12    Spells: 6/9 levels left

rFire   . . .      SeeInvis .   (no weapon)
rCold   . . .      Faith    .   (no shield)
rNeg    . . .      Spirit   .   j - +1 hat
rPois   .          Reflect  .   (no amulet)
rElec   .          Harm     .   l - +4 ring of protection
rCorr   .          Rampage  .   (no ring)
Will    .....                   (no ring)
Stlth   +++.......              (no ring)
HPRegen 0.10/turn               (no ring)
MPRegen 0.11/turn               (no ring)
                                (no ring)
                                (no ring)

@: no status effects
A: almost no armour, amphibious, 8 rings, camouflage 1, gelatinous body 1,
(nimble swimmer 1), tentacles
a: no special abilities


You were on level 3 of the Dungeon.
You visited 1 branch of the dungeon, and saw 3 of its levels.

You collected 90 gold pieces.

Inventory:

Missiles
 b - 38 stones
Armour
 j - a +1 hat (worn)
   (You found it on level 2 of the Dungeon)
Jewellery
 l - a +4 ring of protection (left tentacle)
   (You found it on level 2 of the Dungeon)
Scrolls
 c - a scroll of vulnerability {unknown}
 e - a scroll of noise {unknown}
 f - a scroll of identify {unknown}
 i - a scroll of immolation {unknown}
 k - a scroll of fog {unknown}
Potions
 a - 2 potions of curing {@q1}
 d - 2 potions of flight {unknown}
 g - a potion of mutation {unknown}
 h - a potion of brilliance {unknown}


   Skills:
 - Level 2.0 Dodging
 - Level 2.6 Stealth
 + Level 2.9 Spellcasting
 - Level 2.0 Conjurations
 - Level 1.0 Transmutations
 * Level 4.5 Earth Magic


You had 6 spell levels left.
You knew the following spells:

 Your Spells              Type           Power      Damage    Failure   Level
a - Sandblast             Erth           38%        2d10      2%          1
p - Passwall              Tmut/Erth      10%        N/A       8%          2

Your spell library contained the following spells:

 Spells                   Type           Power      Damage    Failure   Level
 Stone Arrow              Conj/Erth      28%        3d8       13%         3
 Petrify                  Tmut/Erth      12%        N/A       45%         4


Dungeon Overview and Level Annotations

Branches:
Dungeon (3/15)

Altars:


Innate Abilities, Weirdness & Mutations

You cannot wear most types of armour.
You are amphibious.
You can wear up to eight rings at the same time.
Your skin changes colour to match your surroundings (Stealth+).
Your rubbery body absorbs attacks. (AC +1, EV +1)
((You are camouflaged near water. (Stealth+)))
You have tentacles for arms and can constrict up to eight enemies at once.


Message History

A gnoll is nearby!
A gnoll comes into view. It is wielding a +0 flail.
Found a stone staircase leading up.
The gnoll shouts!
A gnoll comes into view. It is wielding a +0 club.
You can't see any susceptible monsters within range! (Use Z to cast anyway.)
A gnoll comes into view. It is wielding a +0 spear.
The gnoll moves out of view.
You can't see any susceptible monsters within range! (Use Z to cast anyway.)
You can't see any susceptible monsters within range! (Use Z to cast anyway.)
You miscast Sandblast.
You are very lightly contaminated with residual magic.
Nothing appears to happen.
The gnoll shouts! x2
The blast of sand hits the gnoll!
You kill the gnoll!
Training target 2.0 for Conjurations reached!
Your Conjurations skill increases to level 2!
The gnoll throws a throwing net.
The throwing net hits you.
You become entangled in the net!
You see here a throwing net {!f}.
You struggle against the net.
You struggle against the net.
The gnoll hits you from afar with a +2 vorpal spear.
Aim: a gnoll, wielding a +0 club (82% to hit)
The blast of sand misses the gnoll.
The gnoll hits you but does no damage.
Unknown command.
Aim: a gnoll, wielding a +0 club (82% to hit)
The blast of sand misses the gnoll.
The blast of sand hits the gnoll!
The gnoll hits you from afar with a +2 vorpal spear!
Your magical contamination has completely faded away.
Unknown command.
You struggle against the net.
The gnoll barely misses you.
The gnoll hits you from afar with a +2 vorpal spear.
* * * LOW HITPOINT WARNING * * *
* * * LOW HITPOINT WARNING * * *
The gnoll hits you with a +0 club.
* * * LOW HITPOINT WARNING * * *
Unknown command.
Okay, then.
You rip the net and break free!
The gnoll hits you from afar with a +0 spear.
* * * LOW HITPOINT WARNING * * *
The gnoll hits you but does no damage. The gnoll closely misses you.
Unknown command.
It was a potion of curing.
You feel better.
The gnoll hits you from afar with a +0 spear!
* * * LOW HITPOINT WARNING * * *
The gnoll hits you from afar with a +2 vorpal spear.
You die...

#................#...<.....
#..........#####.).........
#.........[# ##..........
....[.....# ##†........
.........# ##†.......
........## #####.........
........####..#..........
..........#g............
......g.@............
......g..............
.....####............ ....
............. ...
#.#...>...... ..
#.#.......... # #...#.##.#.
## ...# <#


You could see 3 gnolls.

Vanquished Creatures
  4 gnolls
  3 adders (D:2)
  4 orcs (D:2)
  3 endoplasms
  3 giant cockroaches
  4 hobgoblins
  9 jackals
  2 quokkas
  5 ball pythons
  A bat (D:2)
  A frilled lizard (D:2)
  4 goblins
  7 kobolds
  6 rats
56 creatures vanquished.

Notes
Turn   | Place    | Note
-------+----------+-------------------------------------------
     0 | D:1      | Caerwyn the Octopode Earth Elementalist began the quest for
                  | the Orb.
     0 | D:1      | Reached XP level 1. HP: 11/11 MP: 3/3
   285 | D:1      | Reached XP level 2. HP: 17/17 MP: 3/5
   319 | D:1      | Learned a level 2 spell: Passwall
   724 | D:1      | Reached skill level 1 in Conjurations
   728 | D:1      | Reached XP level 3. HP: 17/21 MP: 0/6
  1178 | D:2      | Reached skill level 4 in Earth Magic
  1178 | D:2      | Reached XP level 4. HP: 16/27 MP: 2/7
  1829 | D:2      | Found a faded altar of an unknown god.
  2270 | D:3      | Reached XP level 5. HP: 31/31 MP: 6/9
  2340 | D:3      | Slain by a gnoll

Illustrated notes

Levels and vault maps discovered:
D:1:      dpeg_arrival_round_c, layout_loops_ring, minmay_nonomino_d4
D:2:      layout_loops_ring, basic_ecumenical_altar
D:3:      layout_rooms, ebering_ghost_rock_garden

Skill      XL: |  1  2  3  4  5 |
---------------+----------------+-----
Conjurations   | 1 2 |  2.0
Earth Magic    | 4 |  4.5
Dodging        | |  2.0
Stealth        | |  2.6
Spellcasting   | |  2.9
Transmutations | |  1.0

Action                   |  1- 3 |  4- 6 || total
-------------------------+-------+-------++-------
Melee: Unarmed           |     9 |     6 ||    15
       Tentacles         |     3 |     2 ||     5
       Constrict         |     3 |     4 ||     7
 Cast: Sandblast         |    39 |    40 ||    79
  Use: Potion            |       |     1 ||     1
 Stab: Sleeping          |       |     1 ||     1
Armor: Skin              |     2 |     6 ||     8
Dodge: Dodged            |    15 |    20 ||    35

Table legend: (Time is in decaauts)
 A = Elapsed time spent in this place.
 B = Non-inter-level travel time spent in this place.
 C = Inter-level travel time spent in this place.
 D = Time resting spent in this place.
 E = Time spent auto-exploring this place.
 F = Levels seen in this place.
 G = Mean time per level.
                   A        B        C        D        E       F      G
               +--------+--------+--------+--------+--------+-----+--------+
         Total |   2339 |   2290 |     49 |      0 |   1958 |   3 |  779.7 |
       Dungeon |   2339 |   2290 |     49 |      0 |   1958 |   3 |  779.7 |
               +--------+--------+--------+--------+--------+-----+--------+

Top non-repeatable levels by time:
     D:2: 1239 daAuts
     D:1: 950 daAuts
     D:3: 149 daAuts
